[Event "Titled Tuesday Blitz April 12 Late 2022"]
[White "Abarca Gonzalez, Nicolas"]
[Black "Prohorov, Olexandr"]
[WhiteFideId "3409422"]
[BlackFideId "14105578"]
[WhiteElo "2504"]
[BlackElo "1993"]
[Result "1-0"]
[Round "01"]
[TimeControl "180+1"]
[Date "2022.04.13"]
[WhiteClock "0:00:15"]
[BlackClock "0:00:16"]

1. e4 d6 2. d4 Nf6 3. Nc3 g6 4. Bg5 Bg7 5. e5 Nfd7 6. f4 h6 7. Bh4 O-O 8. Nf3 dxe5 9. fxe5 c5 10. e6 fxe6 11. Bc4 Nf6 12. dxc5 Qc7 13. Qe2 Qxc5 14. Bxe6+ Kh7 15. O-O-O Nc6 16. Rhe1 Bxe6 17. Qxe6 b5 18. Ne4 Nxe4 19. Qxe4 Rac8 20. Kb1 Rc7 21. c3 b4 22. Bf2 Qb5 23. c4 Qa4 24. Bg3 Rcc8 25. Ne5 Nxe5 26. Bxe5 b3 27. axb3 Rf7 28. bxa4 1-0


[Site "https://www.chess.com"]

[Event "Titled Tuesday Blitz April 12 Late 2022"]
[White "Abdyzhapar, Asylbek"]
[Black "Fernandez Siles, Luis"]
[WhiteFideId "13800337"]
[BlackFideId "2209420"]
[WhiteElo "2331"]
[BlackElo "2212"]
[Result "1-0"]
[Round "01"]
[TimeControl "180+1"]
[Date "2022.04.13"]
[WhiteClock "0:01:20"]
[BlackClock "0:00:13"]

1. e4 e5 2. Nf3 Nf6 3. Nc3 Nc6 4. Bb5 Bb4 5. O-O O-O 6. d3 d6 7. Bg5 Bxc3 8. bxc3 Qe7 9. h3 Nd8 10. Re1 c6 11. Ba4 Ne6 12. Bh4 Nf4 13. d4 a5 14. a3 b5 15. Bb3 a4 16. Ba2 Be6 17. dxe5 dxe5 18. Nxe5 Bxa2 19. Nxc6 Qc5 20. Nd4 Be6 21. Qf3 Ng6 22. Bxf6 gxf6 23. Qxf6 Qe5 24. Qxe5 Nxe5 25. f4 Nc4 26. Nxb5 Rab8 27. Nd4 Rb2 28. f5 Bd7 29. e5 Re8 30. e6 fxe6 31. fxe6 Bc8 32. Re4 Rb6 33. e7 Rb7 34. Nc6 Bd7 35. Rxc4 Rc7 36. Ne5 Rxc4 37. Nxc4 Rxe7 38. Rd1 Bc6 39. Rd2 Re1+ 40. Kf2 Ra1 41. Ke3 Bb5 42. Kd4 Bxc4 43. Kxc4 Rxa3 44. Kb4 Ra1 45. c4 a3 46. Kb3 Kf7 47. c5 a2 48. Kb2 Rb1+ 49. Kxa2 Rb5 50. c4 Rb4 51. Rd4 Ke6 52. Ka3 Rb8 53. c6 Rc8 54. Kb4 Rxc6 55. c5 Ke5 56. Rd7 h6 57. Kb5 Rc8 58. c6 Ke6 59. Rd2 Rc7 60. Kb6 Rc8 61. c7 1-0


[Site "https://www.chess.com"]

[Event "Titled Tuesday Blitz April 12 Late 2022"]
[White "Akrakan"]
[Black "Khamzin, Olzhas"]
[BlackFideId "13701690"]
[WhiteElo "2159"]
[BlackElo "2155"]
[Result "1-0"]
[Round "01"]
[TimeControl "180+1"]
[Date "2022.04.13"]
[WhiteClock "0:01:09"]
[BlackClock "0:00:08"]

1. e4 c6 2. Nc3 d5 3. Qf3 e6 4. d4 dxe4 5. Qxe4 Nf6 6. Qe3 Bd6 7. Nf3 O-O 8. Bd3 h6 9. O-O Re8 10. Ne4 Nxe4 11. Qxe4 f5 12. Qe2 Nd7 13. Re1 Nf6 14. c3 Bd7 15. Bc4 Nd5 16. Bd2 Qf6 17. Ne5 Rad8 18. Rad1 Re7 19. Bb3 Rde8 20. c4 Nc7 21. c5 Bxe5 22. Qxe5 Qxe5 23. Rxe5 Nd5 24. Rde1 Kf7 25. g3 b6 26. Kg2 bxc5 27. dxc5 Rb8 28. h4 Rb5 29. Bxd5 cxd5 30. b4 Rb7 31. a4 Bxa4 32. Ra1 Bb5 33. Bc3 a6 34. Rae1 Rbc7 35. Bd4 Rc6 36. f3 Ra7 37. g4 fxg4 38. fxg4 a5 39. Rf1+ Kg8 40. Bc3 axb4 41. Bxb4 Ra4 42. Rb1 Ra2+ 43. Kg3 Bd3 44. Rbe1 Ra4 45. R5e3 Bc4 46. Bc3 Ra3 47. Bd4 Rxe3+ 48. Rxe3 Ra6 49. Kf4 Kf7 50. Ke5 Kg8 51. Rf3 Rc6 52. g5 hxg5 53. hxg5 Be2 54. Rf2 Bg4 55. Rg2 Bf5 56. Rh2 Kf7 57. Rh4 Kg6 58. Rh1 Kxg5 59. Rg1+ Bg4 60. Be3+ Kh4 61. Kf4 Bh3 62. Rxg7 Ra6 63. Rh7# 1-0


[Site "https://www.chess.com"]

[Event "Titled Tuesday Blitz April 12 Late 2022"]
[White "Aldokhin, Ivan"]
[Black "Stanisz, Patryk"]
[WhiteFideId "24115720"]
[BlackFideId "1123106"]
[WhiteElo "2231"]
[BlackElo "1833"]
[Result "1-0"]
[Round "01"]
[TimeControl "180+1"]
[Date "2022.04.13"]
[WhiteClock "0:00:53"]
[BlackClock "0:00:05"]

1. e4 c5 2. Nf3 Nc6 3. d4 cxd4 4. Nxd4 Nf6 5. Nc3 e5 6. Ndb5 d6 7. Bg5 a6 8. Bxf6 gxf6 9. Na3 b5 10. Nd5 Bg7 11. g3 Ne7 12. Nxe7 Qxe7 13. c3 Bb7 14. Bg2 f5 15. Qe2 O-O 16. O-O fxe4 17. Bxe4 d5 18. Bg2 Rad8 19. Nc2 d4 20. Nxd4 Bxg2 21. Kxg2 Qb7+ 22. Nf3 e4 23. Nh4 e3+ 24. Qf3 Qxf3+ 25. Nxf3 Rfe8 26. fxe3 Rxe3 27. Rfe1 Red3 28. Re2 a5 29. a4 b4 30. cxb4 axb4 31. a5 Rd1 32. Ra4 b3 33. Ra3 Ra8 34. Rxb3 Rd5 35. a6 Rd6 36. a7 Rd7 37. Rb8+ Rd8 38. Rxd8+ Rxd8 39. b4 Ra8 40. Ra2 Bf8 41. Ne5 Bxb4 42. Nd7 1-0


[Site "https://www.chess.com"]

[Event "Titled Tuesday Blitz April 12 Late 2022"]
[White "Ambartsumova, Karina"]
[Black "Marin Masis, Jose Esteban"]
[WhiteFideId "4166299"]
[BlackFideId "6508146"]
[WhiteElo "2262"]
[BlackElo "1710"]
[Result "1-0"]
[Round "01"]
[TimeControl "180+1"]
[Date "2022.04.13"]
[WhiteClock "0:00:54"]
[BlackClock "0:00:21"]

1. d4 Nf6 2. Nf3 e6 3. c4 Bb4+ 4. Nc3 O-O 5. Bg5 h6 6. Bh4 d5 7. e3 Nbd7 8. cxd5 exd5 9. Bd3 c5 10. O-O c4 11. Nxd5 cxd3 12. Nxb4 Qa5 13. Nxd3 b6 14. Nfe5 Ba6 15. Re1 Nxe5 16. Nxe5 Ne4 17. Qg4 f5 18. Qg6 Bb5 19. a3 Be8 20. Qe6+ Kh7 21. b4 Qb5 22. Be7 Ng5 23. Qd6 Ne4 24. Qe6 Ng5 25. Bxg5 hxg5 26. Rac1 Rf6 27. Qe7 Bg6 28. Rc7 Rg8 29. Qxf6 Kh6 30. Qxg6# 1-0


[Site "https://www.chess.com"]

[Event "Titled Tuesday Blitz April 12 Late 2022"]
[White "Andreikin, Dmitry"]
[Black "Ozates, Tuna"]
[WhiteFideId "4158814"]
[BlackFideId "6354521"]
[WhiteElo "2736"]
[BlackElo "1887"]
[Result "1-0"]
[Round "01"]
[TimeControl "180+1"]
[Date "2022.04.12"]
[WhiteClock "0:00:22"]
[BlackClock "0:00:02"]

1. d4 Nf6 2. c4 g6 3. Nc3 Bg7 4. e4 O-O 5. Be3 d6 6. h3 Na6 7. Bd3 e5 8. Nf3 exd4 9. Bxd4 Nc5 10. O-O Re8 11. Re1 Nfd7 12. Bxg7 Kxg7 13. Bf1 Ne5 14. b4 Nxf3+ 15. Qxf3 Nd7 16. Nd5 c6 17. Qc3+ f6 18. Nf4 Ne5 19. Rad1 Qe7 20. Ne2 Bd7 21. Ng3 Rad8 22. Qd4 c5 23. Qb2 b6 24. b5 Be6 25. Qc3 h5 26. f4 Nf7 27. Nf5+ Bxf5 28. exf5 Qd7 29. fxg6 Nh6 30. Bd3 Rxe1+ 31. Rxe1 Re8 32. Kf2 Rxe1 33. Kxe1 d5 34. Qc2 d4 35. Qe2 Qc7 36. g3 h4 37. gxh4 Qd7 38. h5 Ng8 39. Qf3 Qe7+ 40. Kf2 Qd7 41. a4 Qc7 42. Qe4 Nh6 43. Kg3 Ng8 44. Qe6 Nh6 45. Kf3 Qd8 46. Be4 Qc7 47. Bd5 d3 48. Ke3 d2 49. Ke2 Qd8 50. Kxd2 Qc7 51. Ke3 Qd8 52. Kf3 Qc7 53. Qc6 Qe7 54. Be6 Qd8 55. Qb7+ Kf8 56. g7+ Ke8 57. g8=R+ Nxg8 58. Qf7# 1-0


[Site "https://www.chess.com"]

[Event "Titled Tuesday Blitz April 12 Late 2022"]
[White "Artemiev, Vladislav"]
[Black "Shapiro, David"]
[WhiteFideId "24101605"]
[BlackFideId "24133523"]
[WhiteElo "2811"]
[BlackElo "2320"]
[Result "1-0"]
[Round "01"]
[TimeControl "180+1"]
[Date "2022.04.12"]
[WhiteClock "0:00:06"]
[BlackClock "0:00:03"]

1. Nf3 d5 2. g3 Nf6 3. Bg2 c6 4. O-O Bg4 5. c4 e6 6. cxd5 exd5 7. d3 Be7 8. Qb3 Qb6 9. Qc2 O-O 10. h3 Bh5 11. Nc3 Nbd7 12. e4 dxe4 13. dxe4 Bg6 14. Nh4 Rad8 15. Be3 Qc7 16. f4 Nh5 17. Nxg6 hxg6 18. g4 Nhf6 19. e5 Ne8 20. Ne4 Nb6 21. Rad1 Nd5 22. Bc1 Qb6+ 23. Qf2 Nec7 24. Qxb6 axb6 25. f5 gxf5 26. gxf5 Rfe8 27. f6 Bf8 28. fxg7 Bxg7 29. Nd6 Re7 30. Bg5 Rdd7 31. Bxe7 Rxe7 32. Rde1 Rxe5 33. Rxe5 Bxe5 34. Nxf7 Bxb2 35. Nd8 Bd4+ 36. Kh1 Ne3 37. Rf4 Be5 38. Re4 Bf6 39. Nxb7 Nxg2 40. Kxg2 c5 41. Nd6 Nd5 42. Kf3 Bd4 43. Rg4+ Kf8 44. Nf5 Bf6 45. Ne3 Ne7 46. Rf4 Kg7 47. Nf5+ Nxf5 48. Rxf5 Kg6 49. Ke4 c4 50. Rb5 c3 51. Rxb6 c2 52. Rc6 Kg5 53. Rxc2 Kh4 54. a4 Kxh3 55. a5 1-0


[Site "https://www.chess.com"]

[Event "Titled Tuesday Blitz April 12 Late 2022"]
[White "Ashiev, Eduard"]
[Black "Domingo Nunez, Alejandro"]
[WhiteFideId "4130090"]
[BlackFideId "22245561"]
[WhiteElo "2004"]
[BlackElo "2215"]
[Result "0-1"]
[Round "01"]
[TimeControl "180+1"]
[Date "2022.04.13"]
[WhiteClock "0:00:08"]
[BlackClock "0:00:22"]

1. d4 Nf6 2. Nf3 b6 3. c4 Bb7 4. Nc3 g6 5. Bg5 Bg7 6. Qc2 O-O 7. e3 d6 8. Be2 Nbd7 9. O-O e6 10. Rad1 h6 11. Bh4 Qe7 12. Rfe1 g5 13. Bg3 Nh5 14. Nd2 Nxg3 15. hxg3 f5 16. Bf3 c6 17. d5 cxd5 18. cxd5 e5 19. Qb3 Nc5 20. Qa3 Nd3 21. Rf1 Rac8 22. Be2 e4 23. Bxd3 exd3 24. Qxa7 Bxc3 25. bxc3 Rxc3 26. Qxb6 Bxd5 27. Qd4 Qe5 28. Nb3 Bxb3 29. axb3 Qxd4 30. exd4 Rxb3 31. Rd2 Rc8 32. Rfd1 Rcc3 33. f3 Kf7 34. Kf2 Ke6 35. Rh1 Rc2 36. Rxc2 dxc2 37. Rc1 Rc3 38. Ke2 Kd5 39. Kd2 Kxd4 40. g4 f4 41. Ke2 Kc4 42. Kd2 d5 0-1


[Site "https://www.chess.com"]

[Event "Titled Tuesday Blitz April 12 Late 2022"]
[White "Babazada, Khazar"]
[Black "Ozdemir, Serhan Berat"]
[WhiteFideId "13413554"]
[BlackFideId "6374611"]
[WhiteElo "2406"]
[BlackElo "1920"]
[Result "1-0"]
[Round "01"]
[TimeControl "180+1"]
[Date "2022.04.12"]
[WhiteClock "0:01:14"]
[BlackClock "0:00:02"]

1. e4 c5 2. Nf3 e6 3. d4 cxd4 4. Nxd4 a6 5. Bd3 Bc5 6. Nb3 Ba7 7. O-O Nc6 8. Nc3 Qc7 9. Qg4 g6 10. Bf4 Ne5 11. Qg3 d6 12. Rad1 Nf6 13. Be2 Bb8 14. Qh4 Nfd7 15. Bg3 b5 16. f4 Nc4 17. f5 Nde5 18. Qf6 O-O 19. Bxc4 Nxc4 20. fxg6 hxg6 21. Nd4 Ba7 22. Kh1 Ne3 23. Rf4 Qd8 24. Bh4 Qxf6 25. Bxf6 g5 26. Rf3 Ng4 27. Bxg5 1-0


[Site "https://www.chess.com"]

[Event "Titled Tuesday Blitz April 12 Late 2022"]
[White "Barria Zuniga, Daniel"]
[Black "Dubov, Daniil"]
[WhiteFideId "3400816"]
[BlackFideId "24126055"]
[WhiteElo "2414"]
[BlackElo "2791"]
[Result "0-1"]
[Round "01"]
[TimeControl "180+1"]
[Date "2022.04.12"]
[WhiteClock "0:01:39"]
[BlackClock "0:02:09"]

1. d4 Nf6 2. c4 e6 3. Nf3 d5 4. Nc3 c6 5. Bg5 h6 6. Bxf6 Qxf6 7. e3 Nd7 8. Qc2 Bd6 9. O-O-O Qe7 10. Kb1 a6 11. e4 dxc4 12. Bxc4 b5 13. Bd3 e5 14. dxe5 Nxe5 15. Nxe5 Bxe5 16. g3 O-O 17. f4 Bxc3 18. Qxc3 c5 19. e5 c4 20. Be4 Bb7 21. Qf3 Bxe4+ 22. Qxe4 Rad8 23. Kc2 Qb4 24. a3 Qb3+ 25. Kc1 c3 26. Qc2 cxb2+ 27. Qxb2 Qf3 28. Rhe1 Rxd1+ 29. Rxd1 Rc8+ 0-1


[Site "https://www.chess.com"]

[Event "Titled Tuesday Blitz April 12 Late 2022"]
[White "Bas Mas, Jose Joaquin"]
[Black "Sochacki, Christophe"]
[WhiteFideId "22219064"]
[BlackFideId "662569"]
[WhiteElo "2212"]
[BlackElo "2480"]
[Result "1/2-1/2"]
[Round "01"]
[TimeControl "180+1"]
[Date "2022.04.13"]
[WhiteClock "0:00:16"]
[BlackClock "0:00:02"]

1. e4 c5 2. Nc3 e6 3. Nf3 a6 4. d4 cxd4 5. Nxd4 Qc7 6. Bd3 Nc6 7. Nxc6 Qxc6 8. O-O d6 9. a4 Be7 10. a5 Nf6 11. Re1 O-O 12. Qf3 Bd7 13. Be3 Rac8 14. Bb6 e5 15. h3 Be6 16. Rad1 Bd8 17. Bxd8 Rfxd8 18. Ne2 Qc5 19. Ng3 Qxa5 20. Nf5 Qc7 21. g4 Bxf5 22. exf5 d5 23. g5 e4 24. Qg2 Nh5 25. Be2 Nf4 26. Qg4 Nxe2+ 27. Rxe2 Qe5 28. c3 g6 29. f6 h5 30. gxh6 Qxf6 31. Red2 Rc5 32. Rd4 b5 33. h4 Kh7 34. Qg5 Qxg5+ 35. hxg5 f5 36. gxf6 Kxh6 37. Rxe4 dxe4 38. Rxd8 Rf5 39. Rd6 a5 40. Ra6 a4 41. Re6 Kg5 42. Rxe4 Kxf6 43. Rb4 Rc5 44. Kf1 Ke5 45. Ke2 g5 46. Ke3 Kf5 47. c4 Rxc4 48. Rxb5+ Kg4 49. f3+ Kh4 50. Re5 Rf4 51. Re4 Rxe4+ 52. Kxe4 Kg3 53. Ke3 Kg2 54. Ke2 Kg3 55. Ke3 Kg2 56. Ke2 Kg3 57. Ke3 1/2-1/2


[Site "https://www.chess.com"]

[Event "Titled Tuesday Blitz April 12 Late 2022"]
[White "Begmuratov, Khumoyun"]
[Black "Bernat, David"]
[WhiteFideId "14210207"]
[BlackFideId "2099225"]
[WhiteElo "1961"]
[BlackElo "2300"]
[Result "1-0"]
[Round "01"]
[TimeControl "180+1"]
[Date "2022.04.13"]
[WhiteClock "0:01:06"]
[BlackClock "0:00:18"]

1. e4 c5 2. Nf3 g6 3. g3 Bg7 4. Bg2 Nc6 5. O-O d6 6. c3 e5 7. d3 Nge7 8. a3 O-O 9. b4 a6 10. Nbd2 h6 11. Nb3 Be6 12. bxc5 Bxb3 13. Qxb3 dxc5 14. Qxb7 Qxd3 15. Qb2 Rab8 16. Qd2 Rfd8 17. Qe3 Na5 18. Qxc5 Nb3 19. Qxe7 Nxa1 20. Nxe5 Bxe5 21. Qxe5 Rb5 22. Qe7 Qd7 23. Qf6 Qd6 24. Qxd6 Rxd6 25. Bf4 Rc6 26. Rxa1 g5 27. Be3 Rxc3 28. Bf1 Rb8 29. Bxa6 Ra8 30. Bb7 Raxa3 31. Rd1 Rd3 32. Re1 Rd7 33. Bc8 Rd8 34. Bf5 Rad3 35. Kg2 Rd1 36. Re2 Kg7 37. Rb2 R1d6 38. Rb7 Kf6 39. Bc1 Kg7 40. Bb2+ Kg8 41. e5 Rd2 42. e6 fxe6 43. Bh7+ Kf8 44. Bg7+ Ke8 45. Bg6# 1-0


[Site "https://www.chess.com"]

[Event "Titled Tuesday Blitz April 12 Late 2022"]
[White "Bellissimo, Joseph F."]
[Black "Sjugirov, Sanan"]
[WhiteFideId "2609843"]
[BlackFideId "4189302"]
[WhiteElo "2061"]
[BlackElo "2602"]
[Result "0-1"]
[Round "01"]
[TimeControl "180+1"]
[Date "2022.04.12"]
[WhiteClock "0:00:05"]
[BlackClock "0:00:07"]

1. e4 c6 2. d4 d5 3. e5 Bf5 4. h4 h5 5. c4 e6 6. Nc3 Ne7 7. Bg5 dxc4 8. Bxc4 Nd7 9. Nge2 Nb6 10. Bd3 Bxd3 11. Qxd3 Qd7 12. O-O Ned5 13. Ne4 Qc7 14. Qg3 Nd7 15. f4 f6 16. f5 exf5 17. e6 Qxg3 18. exd7+ Kxd7 19. N4xg3 fxg5 20. Nxf5 g6 21. Nfg3 gxh4 22. Ne4 Be7 23. Rf7 Raf8 24. Raf1 Rxf7 25. Rxf7 Ke6 26. Rg7 Kf5 27. N2c3 Nxc3 28. bxc3 Bf8 29. Rf7+ Kxe4 30. Rxb7 Bd6 31. Rxa7 Rb8 32. Rg7 Bg3 33. Rf7 Rb2 34. Kf1 Rxa2 35. Rf3 Rc2 36. Rf8 Rxc3 37. Ke2 Rc2+ 38. Kd1 Rxg2 39. Re8+ Kxd4 40. Rd8+ Ke4 41. Re8+ Be5 42. Rg8 h3 43. Rxg6 Rxg6 44. Kc2 h2 45. Kb3 h1=Q 46. Ka4 Qa1+ 47. Kb3 Qb2+ 48. Kc4 Qb5# 0-1


[Site "https://www.chess.com"]

[Event "Titled Tuesday Blitz April 12 Late 2022"]
[White "Bibasa, Bob"]
[Black "Rozman, Levy"]
[WhiteFideId "10000240"]
[BlackFideId "2039877"]
[WhiteElo "2056"]
[BlackElo "2376"]
[Result "0-1"]
[Round "01"]
[TimeControl "180+1"]
[Date "2022.04.13"]
[WhiteClock "0:00:17"]
[BlackClock "0:00:16"]

1. e4 d5 2. exd5 Nf6 3. d4 Bg4 4. Be2 Bxe2 5. Nxe2 Qxd5 6. O-O Nc6 7. Nbc3 Qh5 8. Bf4 O-O-O 9. a4 e5 10. Bg3 exd4 11. Nb5 Bc5 12. Bxc7 Rd7 13. Bg3 Re8 14. Nf4 Qxd1 15. Raxd1 a6 16. Nd3 Bf8 17. Na3 Bxa3 18. bxa3 Nd5 19. Rfe1 Rde7 20. Rxe7 Rxe7 21. Kf1 Nc3 22. Re1 Rxe1+ 23. Kxe1 Nxa4 24. Kd2 Kd7 25. Ne5+ Ke6 26. Nxc6 bxc6 27. Kd3 Kd5 28. f4 Nc5+ 29. Ke2 Ke4 30. h3 Ne6 31. f5 Nf4+ 32. Kf2 Kxf5 33. Kf3 g5 34. Be1 h5 35. g4+ hxg4+ 36. hxg4+ Ke5 37. Ba5 c5 38. Bd8 Ne6 39. Bb6 Kd5 40. Ke2 c4 41. Kd2 Ke4 42. Ke2 f5 43. gxf5 Kxf5 44. Kf3 Ke5 45. Ba5 Kf5 46. Bd2 g4+ 47. Kg3 Nc5 48. Bb4 Ne4+ 49. Kg2 Kf4 50. Ba5 d3 51. cxd3 cxd3 52. Kf1 Ke3 53. Bb6+ Kf3 54. Ke1 g3 55. a4 g2 56. Bg1 Nd6 57. Kd2 Ke4 58. a5 Nf5 59. Bf2 Nh4 60. Kc3 Nf3 0-1


[Site "https://www.chess.com"]

[Event "Titled Tuesday Blitz April 12 Late 2022"]
[White "Bilan, Danila"]
[Black "Levin, Anthony"]
[WhiteFideId "24161918"]
[BlackFideId "30940680"]
[WhiteElo "2164"]
[BlackElo "2083"]
[Result "1-0"]
[Round "01"]
[TimeControl "180+1"]
[Date "2022.04.13"]
[WhiteClock "0:00:10"]
[BlackClock "0:00:06"]

1. d4 Nf6 2. Nf3 g6 3. Bg5 Bg7 4. c3 O-O 5. Nbd2 d5 6. e3 Nbd7 7. Bd3 b6 8. e4 dxe4 9. Nxe4 Bb7 10. Qc2 c5 11. O-O cxd4 12. Nxd4 Nxe4 13. Bxe4 Bxe4 14. Qxe4 Nf6 15. Qh4 Qd5 16. Rfe1 Rfe8 17. a4 a6 18. Re2 Qd6 19. Rae1 e5 20. Nf3 Nd5 21. g3 f6 22. Bh6 Rac8 23. Rd1 Qc6 24. Red2 Ne7 25. Bxg7 Nf5 26. Qxf6 Nxg7 27. Qxc6 Rxc6 28. Rd6 Rxd6 29. Rxd6 e4 30. Nd4 b5 31. Rxa6 b4 32. cxb4 e3 33. fxe3 Rxe3 34. Rc6 Rd3 35. Ne6 Nf5 36. Nf4 Rd1+ 37. Kg2 Rd2+ 38. Kf1 Rxb2 39. b5 Ne3+ 40. Ke1 Ra2 41. Ra6 Rxh2 42. b6 Rb2 43. a5 Nc2+ 44. Kd1 Ne3+ 45. Kc1 Rc2+ 46. Kb1 Rc8 47. b7 Rb8 48. Ra8 Kf7 49. Rxb8 Kf6 50. Rf8+ Ke5 51. b8=Q+ Kd4 52. Qb6+ Ke4 53. Re8+ Kf3 54. Qxe3+ 1-0


[Site "https://www.chess.com"]

[Event "Titled Tuesday Blitz April 12 Late 2022"]
[White "Bilych, Olexiy"]
[Black "Ladan, Nicholas"]
[WhiteFideId "14156504"]
[BlackFideId "30918855"]
[WhiteElo "2176"]
[BlackElo "2167"]
[Result "1-0"]
[Round "01"]
[TimeControl "180+1"]
[Date "2022.04.13"]
[WhiteClock "0:00:22"]
[BlackClock "0:00:26"]

1. e4 e5 2. Nf3 Nc6 3. Bc4 Nf6 4. d3 h6 5. O-O d6 6. a4 g6 7. a5 Bg7 8. a6 b6 9. Bb5 Bd7 10. c4 O-O 11. Nc3 Nb8 12. Bxd7 Nbxd7 13. b4 Nh5 14. b5 Nc5 15. Be3 Ne6 16. Nd5 Nhf4 17. g3 Nxd5 18. cxd5 Nc5 19. Bxc5 dxc5 20. Nd2 Qd7 21. Qb3 Kh8 22. Nc4 f5 23. f3 Rf7 24. Kg2 Raf8 25. Nd2 Qd6 26. Nc4 Qd7 27. Ra2 h5 28. Re2 f4 29. Qc3 Qe7 30. Ref2 Qg5 31. Qd2 Bh6 32. Qc3 Bg7 33. Rg1 fxg3 34. hxg3 Kg8 35. Rh1 Rf4 36. Qd2 Bh6 37. d6 cxd6 38. Qc1 Rxf3 39. Rxf3 Qxc1 40. Rxc1 Bxc1 41. Rxf8+ Kxf8 42. Nxb6 c4 43. Nxc4 Ke7 44. b6 Kd7 45. bxa7 1-0


[Site "https://www.chess.com"]

[Event "Titled Tuesday Blitz April 12 Late 2022"]
[White "Bluebaum, Matthias"]
[Black "Riehle, Marco"]
[WhiteFideId "24651516"]
[BlackFideId "12904392"]
[WhiteElo "2550"]
[BlackElo "2462"]
[Result "1-0"]
[Round "01"]
[TimeControl "180+1"]
[Date "2022.04.12"]
[WhiteClock "0:01:39"]
[BlackClock "0:01:30"]

1. d4 d5 2. c4 e6 3. Nc3 c5 4. cxd5 cxd4 5. Qa4+ Bd7 6. Qxd4 exd5 7. Qxd5 Nf6 8. Qd1 Nc6 9. Nf3 Bc5 10. e3 Qe7 11. Be2 O-O-O 12. O-O g5 13. Nd4 g4 14. b4 Bxb4 15. Bb2 Kb8 16. Rb1 Rhg8 17. Qb3 Nxd4 18. exd4 Bc6 19. Bb5 Bxb5 20. Nxb5 Nd5 21. Ba3 Bxa3 22. Nxa3 Qd7 23. Nc4 f6 24. a4 Rge8 25. Nd6 Re7 26. Nxb7 Qxb7 27. Qg3+ Ka8 28. Rxb7 Rxb7 29. Qxg4 Rbd7 30. h4 a6 31. Rc1 Rc7 32. Rxc7 Nxc7 33. Qg7 Kb7 34. Qxf6 Rd7 35. h5 Nd5 36. Qe6 Rd8 37. a5 Nc7 38. Qb6+ Kc8 39. g4 Rd5 40. f3 Rb5 41. Qh6 Kb7 42. Qxh7 Rd5 43. Qe4 Kc8 44. h6 Rd7 45. h7 Rxh7 46. Qxh7 Kb7 47. Qe4+ 1-0


[Site "https://www.chess.com"]

[Event "Titled Tuesday Blitz April 12 Late 2022"]
[White "Bordi, Kevin"]
[Black "Minko, Dmitry"]
[WhiteFideId "621862"]
[BlackFideId "24188468"]
[WhiteElo "2771"]
[BlackElo "1928"]
[Result "1/2-1/2"]
[Round "01"]
[TimeControl "180+1"]
[Date "2022.04.13"]
[WhiteClock "0:00:40"]
[BlackClock "0:00:17"]

1. e4 e5 2. Nf3 Nc6 3. d4 exd4 4. Nxd4 Bc5 5. Be3 Qf6 6. c3 Nge7 7. g3 h5 8. h4 d6 9. Bg2 Bg4 10. Qa4 O-O 11. Nd2 Rfe8 12. f3 Bd7 13. Qc4 Bb6 14. O-O-O Ng6 15. Bg5 Qe5 16. f4 Qc5 17. Qxc5 Bxc5 18. N2b3 Bb6 19. Rhe1 Bg4 20. Rd2 f6 21. f5 fxg5 22. fxg6 gxh4 23. gxh4 Ne5 24. Kc2 Nxg6 25. Bf3 Nxh4 26. Bxg4 hxg4 27. Kd3 Nf3 28. Nxf3 gxf3 29. Nd4 Rf8 30. Rf1 Rf6 31. Nf5 Re8 32. Rxf3 g6 33. Ne7+ Kg7 34. Rxf6 Kxf6 35. Nd5+ Ke5 36. Rg2 Rg8 37. Ne7 Rg7 38. Nxg6+ Kf6 39. Nf4 Rxg2 40. Nxg2 Ke5 41. Ne1 d5 42. Nf3+ Kf4 43. Nd2 dxe4+ 44. Nxe4 Ke5 45. b4 Bg1 46. Nd2 Kd6 47. Kc4 c6 48. a4 Kc7 49. Nf3 Bf2 50. Ng5 Bg3 51. Kd4 Bf2+ 52. Kd3 Be1 53. Nf3 Bg3 54. Nd4 b6 55. b5 cxb5 56. axb5 Kb7 57. Nf5 Bh2 58. Kc4 a6 59. Ne7 Be5 60. Nc6 axb5+ 61. Kxb5 Bxc3 62. Nd8+ Kc7 63. Ne6+ Kb7 64. Nc5+ bxc5 65. Kxc5 1/2-1/2


[Site "https://www.chess.com"]

[Event "Titled Tuesday Blitz April 12 Late 2022"]
[White "Broca Jimenez, Fernando"]
[Black "Stearman, Josiah"]
[WhiteFideId "5104742"]
[BlackFideId "2062496"]
[WhiteElo "2062"]
[BlackElo "2402"]
[Result "0-1"]
[Round "01"]
[TimeControl "180+1"]
[Date "2022.04.13"]
[WhiteClock "0:00:20"]
[BlackClock "0:01:35"]

1. e4 c5 2. Nf3 Nc6 3. d4 cxd4 4. Nxd4 g6 5. c4 Nf6 6. Nc3 d6 7. Be2 Nxd4 8. Qxd4 Bg7 9. Be3 O-O 10. Qd2 Be6 11. O-O Qa5 12. Rac1 Rfc8 13. b3 a6 14. Nd5 Qxd2 15. Nxf6+ Bxf6 16. Bxd2 Bb2 17. Rc2 Bd4 18. Bc3 Bxc3 19. Rxc3 b5 20. Rfc1 b4 21. R3c2 Rc5 22. f4 a5 23. Kf2 a4 24. Rb2 axb3 25. axb3 Ra3 26. g4 f6 27. h4 Kg7 28. Ke3 Bf7 29. Rcc2 e5 30. f5 g5 31. hxg5 fxg5 32. Bd1 Rxc4 33. Rxc4 Bxc4 34. Bc2 Kf6 35. Kd2 Bf7 36. Bd3 Rxb3 37. Kc2 Rxb2+ 38. Kxb2 d5 39. Kc2 d4 40. Kb2 h5 41. gxh5 g4 42. Be2 g3 43. h6 g2 0-1


[Site "https://www.chess.com"]

[Event "Titled Tuesday Blitz April 12 Late 2022"]
[White "Cabarkapa, Novak"]
[Black "Hoffmann, Asa"]
[WhiteFideId "943746"]
[BlackFideId "2001470"]
[WhiteElo "2443"]
[BlackElo "2117"]
[Result "1-0"]
[Round "01"]
[TimeControl "180+1"]
[Date "2022.04.13"]
[WhiteClock "0:00:07"]
[BlackClock "0:00:07"]

1. d4 Nf6 2. Nc3 d6 3. e4 c6 4. f4 Qa5 5. Bd3 e5 6. Nf3 exd4 7. Nxd4 Qb6 8. Nb3 a5 9. Qe2 a4 10. Be3 Qb4 11. a3 axb3 12. axb4 Rxa1+ 13. Nd1 Bg4 14. Qd2 Rxd1+ 15. Qxd1 Bxd1 16. Kxd1 bxc2+ 17. Kxc2 Nbd7 18. Ra1 Be7 19. Ra7 O-O 20. Rxb7 Rb8 21. Rc7 Rxb4 22. e5 dxe5 23. fxe5 Nd5 24. Rxd7 Nxe3+ 25. Kd2 Kf8 26. Kxe3 Rxb2 27. Be4 c5 28. Rc7 g6 29. Bd5 Rb4 30. h3 h5 31. Kf3 Rd4 32. Ba2 Ra4 33. Bd5 Rd4 34. Be4 Rd2 35. Rc8+ Kg7 36. Rc7 Kf8 37. g4 h4 38. Rc8+ Kg7 39. Rc7 Kf8 40. e6 fxe6 41. Bxg6 Rb2 42. Ke4 Re2+ 43. Kf3 Rb2 44. Bd3 Rh2 45. Bf1 Rd2 46. Rc6 Kf7 47. Bc4 Rd6 48. Rc7 Kf6 49. Rb7 Rd4 50. Be2 c4 51. Rc7 Bd6 52. Rc8 Ke5 53. Bxc4 Rd1 54. Be2 Rb1 55. Rh8 Rb3+ 56. Kg2 Kf4 57. Rxh4 Rb2 58. Kf1 Rb1+ 59. Kg2 Rb2 60. Kf1 Rb1+ 61. Kf2 Bc5+ 62. Kg2 Rb2 63. Kf1 Ke3 64. Rh5 Bd4 65. Rb5 Rd2 66. Rb3+ Kf4 67. Rf3+ Kg5 68. Bd3 e5 69. Ke1 Ra2 70. Kf1 Kh4 71. Be2 Rb2 72. Rd3 Rb1+ 73. Kg2 Rg1+ 74. Kh2 Re1 75. Bf3 Re3 76. Rxe3 Bxe3 77. Kg2 Bf4 78. Be4 Bg3 79. Bd3 Bf4 80. Bf1 Bg3 81. Kf3 Bf4 82. Ke4 Bh2 83. Kf5 Bf4 84. Bg2 Kg3 85. Bf1 Kf2 86. h4 Kxf1 87. g5 Kf2 88. h5 Kf3 89. h6 e4 90. h7 e3 91. h8=Q e2 92. Qh5+ Ke3 93. Qxe2+ Kxe2 94. Kxf4 1-0


[Site "https://www.chess.com"]

[Event "Titled Tuesday Blitz April 12 Late 2022"]
[White "Cagara, Paulina"]
[Black "Iskusnyh, Sergei"]
[WhiteFideId "1124870"]
[BlackFideId "4120027"]
[WhiteElo "1780"]
[BlackElo "2492"]
[Result "0-1"]
[Round "01"]
[TimeControl "180+1"]
[Date "2022.04.13"]
[WhiteClock "0:00:32"]
[BlackClock "0:00:14"]

1. e4 e6 2. d4 d5 3. Nc3 Nf6 4. e5 Nfd7 5. f4 c5 6. Nf3 Be7 7. Be3 O-O 8. Bd3 Nc6 9. O-O f5 10. exf6 Nxf6 11. Ne5 cxd4 12. Nxc6 bxc6 13. Bxd4 c5 14. Be5 Bb7 15. Nb5 Qb6 16. Kh1 c4 17. Bxf6 Bxf6 18. Bxh7+ Kxh7 19. Nc3 Qxb2 20. Rb1 Qxc3 21. Rxb7 Rab8 22. Rxa7 Qe3 23. Qh5+ Kg8 24. Rd7 Qe4 25. f5 exf5 26. h3 Rbe8 27. Rd1 Re5 28. c3 f4 29. Qg4 Rg5 30. Qf3 Qxf3 31. gxf3 Rg3 32. Kh2 Rxf3 33. R7xd5 Rxc3 34. a4 Re8 35. R1d2 Ree3 36. Rh5 Ra3 37. Rc2 c3 38. Rc5 Rxa4 39. Rc8+ Kh7 40. Rc7 Rd4 41. Rf2 Rd2 42. Kg2 Ree2 43. Rxe2 Rxe2+ 44. Kf3 Re3+ 45. Kxf4 Be5+ 46. Kxe3 Bxc7 47. Kd3 Be5 0-1


[Site "https://www.chess.com"]